GCL
TORONTO (GCL) BLUE JAYS @ NEW YORK N (GCL) METS
08/29/2098
 
TOP OF THE 1ST
Toronto (GCL) Blue Jays batting - Pitching for New York N (GCL) Mets : LHP Alex Rivera
Pitching: LHP Alex Rivera
Batting: RHB Cherles Vinhs 0-0: Ground out 5-3 (Groundball, 56S, EV 82.5 MPH)
Batting: RHB Devon Phillips 0-0: Ball
1-0: Ball
2-0: Ball
3-0: Called Strike
3-1: SINGLE (Groundball, 6, EV 85.6 MPH)
Batting: LHB Ryan Tribbett 0-0: Fly out, F8 (Flyball, 8LM, EV 91.9 MPH)
Batting: RHB Ryan Hill 0-0: Swinging Strike
0-1: SINGLE (Flyball, 78S, EV 91.3 MPH)
Devon Phillips to second
Batting: RHB Damien Giolitti 0-0: Called Strike
0-1: Ball
1-1: Swinging Strike
1-2: Foul Ball, location: 7LMF
1-2: SINGLE (Groundball, 6D, EV 101.3 MPH)
Devon Phillips to third
Ryan Hill to second
Runner from 3rd tries for Home, SAFE, throw by CF to home
Pitching: RHP Rich Arnold
Batting: SHB Bryant Johnson 0-0: Called Strike
0-1: Ball
1-1: Swinging Strike
1-2: SINGLE (Groundball, 34D, EV 96.9 MPH)
Ryan Hill to third
Damien Giolitti to second
Runner from 3rd tries for Home, throw by RF and OUT! 9-2
Top of the 1st over - 1 run, 4 hits, 0 errors, 2 left on base; Toronto (GCL) 1 - New York N (GCL) 0
BOTTOM OF THE 1ST
New York N (GCL) Mets batting - Pitching for Toronto (GCL) Blue Jays : RHP Zach Middendorf
Pitching: RHP Zach Middendorf
Batting: RHB Chad Martin 0-0: Called Strike
0-1: Swinging Strike
0-2: Ball
1-2: Ball
2-2: Strikes out looking
Batting: RHB Ryan Scott 0-0: Foul Ball, location: 2F
0-1: Ball
1-1: Ball
2-1: Foul Ball, location: 2F
2-2: Ball
3-2: Fly out, F8 (Flyball, 8RXD, EV 95.6 MPH)
Batting: LHB Paul Carson 0-0: Called Strike
0-1: Called Strike
0-2: Hit by Pitch
Batting: SHB Aaron Kelly 0-0: Called Strike
0-1: DOUBLE (Line Drive, 9LD, EV 99.4 MPH)
Paul Carson to third
Runner from 3rd tries for Home, SAFE, no throw by RF
Batting: RHB Tony Romero 0-0: Ball
1-0: SINGLE (Groundball, 4MD, EV 97.5 MPH)
Aaron Kelly to third
Runner from 3rd tries for Home, throw by CF and OUT! 8-2
Bottom of the 1st over - 1 run, 2 hits, 0 errors, 1 left on base; Toronto (GCL) 1 - New York N (GCL) 1
TOP OF THE 2ND
Toronto (GCL) Blue Jays batting - Pitching for New York N (GCL) Mets : RHP Rich Arnold
Batting: LHB Alvaro Chairez 0-0: Ball
1-0: Ball
2-0: Ball
3-0: Base on Balls
Batting: RHB Kyle Cole 0-0: Swinging Strike
0-1: Called Strike
0-2: Strikes out looking
Batting: RHB Cory Jackson 0-0: Ball
1-0: Ball
2-0: Ball
3-0: Called Strike
3-1: Grounds into double play, 5-4-3 (Groundball, 56S, EV 85.0 MPH)
Top of the 2nd over - 0 runs, 0 hits, 0 errors, 0 left on base; Toronto (GCL) 1 - New York N (GCL) 1
BOTTOM OF THE 2ND
New York N (GCL) Mets batting - Pitching for Toronto (GCL) Blue Jays : RHP Zach Middendorf
Batting: RHB John Strauss 0-0: Ball
1-0: Called Strike
1-1: Ball
2-1: Swinging Strike
2-2: Foul Ball, location: 7LSF
2-2: Ball
3-2: Ground out 4-3 (Groundball, 34, EV 81.9 MPH)
Batting: RHB Omar Rios 0-0: Swinging Strike
0-1: Ball
1-1: Called Strike
1-2: Strikes out swinging
Batting: RHB Sam Miller 0-0: Called Strike
0-1: Foul Ball, location: 25FF
0-2: Foul Ball, location: 9LDF
0-2: Ball
1-2: Ball
2-2: Foul Ball, location: 9LMF
2-2: Strikes out swinging
Bottom of the 2nd over - 0 runs, 0 hits, 0 errors, 0 left on base; Toronto (GCL) 1 - New York N (GCL) 1
TOP OF THE 3RD
Toronto (GCL) Blue Jays batting - Pitching for New York N (GCL) Mets : RHP Rich Arnold
Batting: RHB Cherles Vinhs 0-0: Called Strike
0-1: Called Strike
0-2: Strikes out swinging
Batting: RHB Devon Phillips 0-0: Ball
1-0: Foul Ball, location: 3F
1-1: SINGLE (Flyball, 89S, EV 96.3 MPH)
Batting: LHB Ryan Tribbett 0-0: Called Strike
0-1: Ball
1-1: Ball
2-1: Ball
3-1: Base on Balls
Devon Phillips to second
Batting: RHB Ryan Hill 0-0: Called Strike
0-1: Swinging Strike
0-2: Ball
1-2: Ball
2-2: SINGLE (Groundball, 4MD, EV 96.3 MPH)
Devon Phillips to third
Ryan Tribbett to second
Runner from 3rd tries for Home, SAFE, throw by CF to home
Batting: RHB Damien Giolitti 0-0: Ball
1-0: Ball
2-0: Called Strike
2-1: Foul Ball, location: 2F
2-2: Strikes out swinging
Batting: SHB Bryant Johnson 0-0: Ball
1-0: Ball
2-0: Called Strike
2-1: Ball
3-1: Foul Ball, location: 2F
3-2: Foul Ball, location: 9LMF
3-2: Ground out 4-3 (Groundball, 4, EV 90.6 MPH)
Top of the 3rd over - 1 run, 2 hits, 0 errors, 2 left on base; Toronto (GCL) 2 - New York N (GCL) 1
BOTTOM OF THE 3RD
New York N (GCL) Mets batting - Pitching for Toronto (GCL) Blue Jays : RHP Zach Middendorf
Batting: RHB Omar Perez 0-0: Fly out, F8 (Flyball, 89XD, EV 110.6 MPH)
Batting: RHB Chad Martin 0-0: Ball
1-0: Ball
2-0: Foul Ball, location: 9LMF
2-1: Called Strike
2-2: Foul Ball, location: 9LMF
2-2: Ball
3-2: Foul Ball, location: 5F
3-2: Strikes out swinging
Batting: RHB Ryan Scott 0-0: Called Strike
0-1: Swinging Strike
0-2: Ball
1-2: Ball
2-2: Ball
3-2: Fly out, F7 (Flyball, 7, EV 97.5 MPH)
Bottom of the 3rd over - 0 runs, 0 hits, 0 errors, 0 left on base; Toronto (GCL) 2 - New York N (GCL) 1
TOP OF THE 4TH
Toronto (GCL) Blue Jays batting - Pitching for New York N (GCL) Mets : RHP Rich Arnold
Batting: LHB Alvaro Chairez 0-0: Ball
1-0: Ball
2-0: SINGLE (Flyball, 7S, EV 91.9 MPH)
Batting: RHB Kyle Cole 0-0: Ball
1-0: Swinging Strike
1-1: Foul Ball, location: 23F
1-2: Ball
2-2: Fielders Choice at 2nd, 3-6 (Groundball, 3, EV 101.9 MPH)
Batting: RHB Cory Jackson 0-0: Ball
1-0: Ball
2-0: Called Strike
2-1: Grounds into double play, 3-6-3 (Groundball, 34S, EV 86.9 MPH)
Top of the 4th over - 0 runs, 1 hit, 0 errors, 0 left on base; Toronto (GCL) 2 - New York N (GCL) 1
BOTTOM OF THE 4TH
New York N (GCL) Mets batting - Pitching for Toronto (GCL) Blue Jays : RHP Zach Middendorf
Pitching: RHP Carlos Arguello
Batting: LHB Paul Carson 0-0: Fly out, F1 (Line Drive, P, EV 73.1 MPH)
Batting: SHB Aaron Kelly 0-0: Ball
1-0: Ball
2-0: Called Strike
2-1: Fly out, F8 (Line Drive, 8LS, EV 94.4 MPH)
Batting: RHB Tony Romero 0-0: Called Strike
0-1: Ball
1-1: Ball
2-1: Ball
3-1: Foul Ball, location: 2RF
3-2: SINGLE (Groundball, 34D, EV 100.6 MPH)
Batting: RHB John Strauss 0-0: Ball
1-0: Ball
2-0: Ball
3-0: Base on Balls
Tony Romero to second
Batting: RHB Omar Rios 0-0: Ball
1-0: Fly out, F9 (Flyball, 9LM, EV 89.4 MPH)
Bottom of the 4th over - 0 runs, 1 hit, 0 errors, 2 left on base; Toronto (GCL) 2 - New York N (GCL) 1
TOP OF THE 5TH
Toronto (GCL) Blue Jays batting - Pitching for New York N (GCL) Mets : RHP Rich Arnold
Batting: RHB Cherles Vinhs 0-0: Ground out U3 (Groundball, 34, EV 86.3 MPH)
Batting: RHB Devon Phillips 0-0: Ground out 6-3 (Groundball, 6, EV 85.6 MPH)
Batting: LHB Ryan Tribbett 0-0: Swinging Strike
0-1: Ground out 3-1 (Groundball, 34, EV 86.9 MPH)
Top of the 5th over - 0 runs, 0 hits, 0 errors, 0 left on base; Toronto (GCL) 2 - New York N (GCL) 1
BOTTOM OF THE 5TH
New York N (GCL) Mets batting - Pitching for Toronto (GCL) Blue Jays : RHP Carlos Arguello
Batting: RHB Sam Miller 0-0: Foul Ball, location: 3SF
0-1: Foul Ball, location: 3FF
0-2: Foul Ball, location: 25FF
0-2: Ball
1-2: Strikes out swinging
Batting: RHB Omar Perez 0-0: Ball
1-0: Called Strike
1-1: Foul Ball, location: 5FF
1-2: Hit by Pitch
Batting: RHB Chad Martin 0-0: Ball
1-0: Ball
2-0: Ball
3-0: Called Strike
3-1: Swinging Strike
3-2: Strikes out swinging
Batting: RHB Ryan Scott 0-0: Reached on error, E4 (Groundball, 4, EV 89.4 MPH)
Omar Perez to second
Batting: LHB Paul Carson 0-0: Foul Ball, location: 9LSF
0-1: Hit by Pitch
Omar Perez to third
Ryan Scott to second
Batting: SHB Aaron Kelly 0-0: SINGLE (Flyball, 78S, EV 93.1 MPH)
Omar Perez scores
Ryan Scott to third
Paul Carson to second
Runner from 3rd tries for Home, SAFE, throw by CF to home
Batting: RHB Tony Romero 0-0: Foul Ball, location: 5FF
0-1: Foul Ball, location: 5DF
0-2: Ball
1-2: Ball
2-2: Ground out U3 (Groundball, 3, EV 102.5 MPH)
Bottom of the 5th over - 2 runs, 1 hit, 1 error, 2 left on base; Toronto (GCL) 2 - New York N (GCL) 3
TOP OF THE 6TH
Toronto (GCL) Blue Jays batting - Pitching for New York N (GCL) Mets : RHP Rich Arnold
Batting: RHB Ryan Hill 0-0: Ball
1-0: Ball
2-0: Foul Ball, location: 2F
2-1: Ball
3-1: Called Strike
3-2: Strikes out swinging
Batting: RHB Damien Giolitti 0-0: Foul Ball, location: 9LMF
0-1: Fly out, F8 (Flyball, 8RM, EV 94.4 MPH)
Batting: SHB Bryant Johnson 0-0: Ball
1-0: Foul Ball, location: 9LDF
1-1: Ball
2-1: Foul Ball, location: 2F
2-2: Ground out 3-1 (Groundball, 34, EV 84.4 MPH)
Top of the 6th over - 0 runs, 0 hits, 0 errors, 0 left on base; Toronto (GCL) 2 - New York N (GCL) 3
BOTTOM OF THE 6TH
New York N (GCL) Mets batting - Pitching for Toronto (GCL) Blue Jays : RHP Carlos Arguello
Batting: RHB John Strauss 0-0: Fly out, F8 (Flyball, 8LM, EV 80.0 MPH)
Batting: RHB Omar Rios 0-0: Called Strike
0-1: Ball
1-1: Ground out 4-3 (Groundball, 34, EV 106.3 MPH)
Batting: RHB Sam Miller 0-0: Ball
1-0: Called Strike
1-1: Ball
2-1: Ball
3-1: Foul Ball, location: 3F
3-2: Foul Ball, location: 3F
3-2: Ground out 5-3 (Groundball, 56, EV 96.9 MPH)
Bottom of the 6th over - 0 runs, 0 hits, 0 errors, 0 left on base; Toronto (GCL) 2 - New York N (GCL) 3
TOP OF THE 7TH
Toronto (GCL) Blue Jays batting - Pitching for New York N (GCL) Mets : RHP Rich Arnold
Batting: LHB Alvaro Chairez 0-0: Ground out 1-3 (Groundball, P, EV 63.8 MPH)
Pinch Hitting: LHB Matt Barnes 0-0: Ball
1-0: Ball
2-0: Ball
3-0: Base on Balls
Pitching: RHP Dave Graciano
Pinch Hitting: RHB Willie Bayon 0-0: Called Strike
0-1: Swinging Strike
0-2: Foul Ball, location: 9LDF
0-2: Ball
1-2: Ball
2-2: Foul Ball, location: 23F
2-2: Fly out, F8 (Line Drive, 78M, EV 93.8 MPH)
Batting: RHB Cherles Vinhs 0-0: Ball
1-0: Ball
2-0: Ground out 4-3 (Groundball, 4, EV 98.8 MPH)
Top of the 7th over - 0 runs, 0 hits, 0 errors, 1 left on base; Toronto (GCL) 2 - New York N (GCL) 3
BOTTOM OF THE 7TH
New York N (GCL) Mets batting - Pitching for Toronto (GCL) Blue Jays : RHP Carlos Arguello
Pitching: RHP Antonio Castro
Now at 1B: Matt Barnes
Now at 2B: Willie Bayon
Batting: RHB Omar Perez 0-0: Ball
1-0: Ball
2-0: Called Strike
2-1: Swinging Strike
2-2: Strikes out looking
Batting: RHB Chad Martin 0-0: SINGLE (Line Drive, 8RS, EV 95.0 MPH)
Batting: RHB Ryan Scott 0-0: Called Strike
0-1: Swinging Strike
0-2: Fly out, F5 (Line Drive, 6, EV 68.1 MPH)
Pitching: LHP Tai sun Wang
Batting: LHB Paul Carson 0-0: Ball
1-0: Ground out 5-3 (Groundball, 15, EV 80.0 MPH)
Bottom of the 7th over - 0 runs, 1 hit, 0 errors, 1 left on base; Toronto (GCL) 2 - New York N (GCL) 3
TOP OF THE 8TH
Toronto (GCL) Blue Jays batting - Pitching for New York N (GCL) Mets : RHP Dave Graciano
Batting: RHB Devon Phillips 0-0: Ball
1-0: Called Strike
1-1: Swinging Strike
1-2: Ball
2-2: Ball
3-2: Strikes out swinging
Batting: LHB Ryan Tribbett 0-0: Foul Ball, location: 2LF
0-1: Ball
1-1: Swinging Strike
1-2: Foul Ball, location: 25F
1-2: Strikes out swinging
Batting: RHB Ryan Hill 0-0: Fly out, F8 (Flyball, 8LD, EV 91.9 MPH)
Top of the 8th over - 0 runs, 0 hits, 0 errors, 0 left on base; Toronto (GCL) 2 - New York N (GCL) 3
BOTTOM OF THE 8TH
New York N (GCL) Mets batting - Pitching for Toronto (GCL) Blue Jays : LHP Tai sun Wang
Pitching: RHP Willie Gamez
Batting: SHB Aaron Kelly 0-0: Called Strike
0-1: Called Strike
0-2: Strikes out swinging
Pinch Hitting: LHB Alejandro Robles 0-0: Called Strike
0-1: Ball
1-1: Foul Ball, location: 2F
1-2: Ball
2-2: SINGLE (Line Drive, 56, EV 105.6 MPH)
Batting: LHB Chris Allen 0-0: Ball
Wild Pitch!
Alejandro Robles to second
1-0: Ball
2-0: Fly out, F6 (Popup, 5D, EV 55.6 MPH)
Pinch Hitting: LHB Jose Ybarra 0-0: Ball
1-0: SINGLE (Line Drive, 78M, EV 99.4 MPH)
Alejandro Robles to third
Runner from 3rd tries for Home, SAFE, throw by CF to home
Jose Ybarra to second
Pinch Hitting: LHB Juan Romero 0-0: Ball
1-0: Ball
2-0: Foul Ball, location: 2F
2-1: Foul Ball, location: 7LMF
2-2: Foul Ball, location: 2LF
2-2: Ball
3-2: Ground out 3-1 (Groundball, 34S, EV 91.9 MPH)
Bottom of the 8th over - 1 run, 2 hits, 0 errors, 1 left on base; Toronto (GCL) 2 - New York N (GCL) 4
TOP OF THE 9TH
Toronto (GCL) Blue Jays batting - Pitching for New York N (GCL) Mets : RHP Dave Graciano
Now at 2B: Alex Campos
Now at SS: Roberto Gandara
Now in LF: Alejandro Robles
Now in RF: Alex Garcia
Batting: RHB Damien Giolitti 0-0: Called Strike
0-1: Swinging Strike
0-2: Foul Ball, location: 2F
0-2: Ball
1-2: Ball
2-2: Fly out, F9 (Flyball, 89D, EV 93.8 MPH)
Batting: SHB Bryant Johnson 0-0: Ball
1-0: Fly out, F8 (Line Drive, 8LM, EV 93.1 MPH)
Batting: LHB Alvaro Chairez 0-0: Swinging Strike
0-1: Ball
1-1: Swinging Strike
1-2: Ball
2-2: Strikes out swinging
Top of the 9th over - 0 runs, 0 hits, 0 errors, 0 left on base; Toronto (GCL) 2 - New York N (GCL) 4
Sunday, April 14th , 2024 - OOTP Baseball 24.11 Build 85